 Dungeon Crawl Stone Soup version 0.30.1-3-gfc49f6343a (webtiles) character file.

Game seed: 1578720074683529203

1746 anestheticheart the Vexing (level 9, 0/67 HPs)
             Began as a Gnoll Hexslinger on July 22, 2023.
             Slain by a ynoxinul (1 damage)
             ... on level 1 of the Abyss.
             The game lasted 00:57:00 (6055 turns).

anestheticheart the Vexing (Gnoll Hexslinger)       Turns: 6055, Time: 00:57:06

Health: 0/67       AC:  5    Str:  9      XL:     9   Next: 6%
Magic:  13/16      EV: 15    Int: 10      God:
Gold:   252        SH:  0    Dex: 21 (22) Spells: 10/18 levels left

rFire   + + .        a - +5 Force Lance {heavy, knockback}
rCold   + . .        (no shield)
rNeg    . . .        j - +3 leather armour
rPois   +            (no helmet)
rElec   +            (no cloak)
rCorr   +            (no gloves)
SInv    .            (no boots)
Will    .....        v - amulet of the acrobat
Stlth   +            r - ring of protection from fire
HPRegen 0.00/turn    z - +6 ring of dexterity
MPRegen 0.15/turn

%: acrobat
@: mighty, about to teleport, resistant, on blink cooldown, inhibited regen,
slowed, glowing, invisible (but backlit and visible), unable to read, very slow
A: fangs 1, strong nose, distributed training, [deformed body], [dopey 2],
[screaming 2], [inhibited regeneration], [inability to read after injury 2]
a: no special abilities


You were on level 1 of the Abyss.
You visited 1 branch of the dungeon, and saw 6 of its levels.
You visited the Abyss 1 time.
You also visited: Sewer.

You collected 252 gold pieces.

Inventory:

Hand Weapons
 a - the +5 Force Lance (weapon) {heavy, knockback}
   (You found it on level 6 of the Dungeon)
 b - a +5 sling
 s - a +3 hand axe
 J - the +6 rapier of Hubris {vamp, Str+3 Stlth+}
   (You found it on level 3 of the Dungeon)

   Str:       It affects your strength (+3).
   Stlth:     It makes you more stealthy.
Missiles
 c - 9 javelins
 i - 4 curare-tipped darts
 K - 8 poisoned darts
Armour
 j - a +3 leather armour (worn)
 m - a +0 ring mail of cold resistance
Jewellery
 e - a ring of protection from cold
 p - a ring of resist corrosion
 r - a ring of protection from fire (left hand)
 v - an amulet of the acrobat (around neck)
 y - an amulet of reflection
 z - a +6 ring of dexterity (right hand)
 M - a ring of protection from cold
 O - a ring of poison resistance
Wands
 L - a wand of light (5)
Scrolls
 g - a scroll of amnesia
 h - 3 scrolls of enchant armour {unknown}
 o - a scroll of immolation
 t - 4 scrolls of blinking {unknown}
 x - a scroll of poison
 B - 3 scrolls of teleportation
 H - a scroll of magic mapping {unknown}
Potions
 f - a potion of degeneration {unknown}
 l - 2 potions of flight
 q - 2 potions of brilliance
 u - a potion of mutation {unknown}
 E - a potion of cancellation {unknown}
 F - a potion of attraction {unknown}
 G - a potion of haste {unknown}
 I - 2 potions of lignification


   Skills:
 + Level 4.8 Fighting
 + Level 4.0 Short Blades
 + Level 4.0 Long Blades
 + Level 4.0 Axes
 + Level 4.0 Maces & Flails
 + Level 4.0 Polearms
 + Level 4.0 Staves
 + Level 6.1 Ranged Weapons
 + Level 4.0 Throwing
 + Level 4.0 Armour
 + Level 6.1 Dodging
 + Level 4.0 Stealth
 + Level 4.0 Shields
 + Level 4.0 Unarmed Combat
 + Level 5.0 Spellcasting
 + Level 3.3 Conjurations
 + Level 6.4 Hexes
 + Level 3.3 Summonings
 + Level 3.3 Necromancy
 + Level 3.3 Translocations
 + Level 3.3 Transmutations
 + Level 3.3 Fire Magic
 + Level 3.3 Ice Magic
 + Level 3.3 Air Magic
 + Level 3.3 Earth Magic
 + Level 3.3 Poison Magic
 + Level 4.4 Invocations
 + Level 4.0 Evocations


You had 10 spell levels left.
You knew the following spells:

 Your Spells              Type           Power      Damage    Failure   Level
a - Slow                  Hex            60%        N/A       2%          1
b - Portal Projectile     Hex/Tloc       24%        N/A       13%         3
c - Passwall              Tmut/Erth      7%         N/A       12%         2
d - Blink                 Tloc           18%        N/A       12%         2

Your spell library contained the following spells:

 Spells                   Type           Power      Damage    Failure   Level
 Ensorcelled Hibernation  Hex/Ice        24%        N/A       6%          2
 Freeze                   Ice            36%        1d5       9%          1
 Sandblast                Erth           18%        2d7       9%          1
 Scorch                   Fire           18%        2d5       12%         2
 Inner Flame              Hex/Fire       12%        N/A       13%         3
 Cause Fear               Hex            7%         N/A       22%         4
 Frozen Ramparts          Ice            18%        1d3       24%         3
 Hailstorm                Conj/Ice       9%         3d4       24%         3
 Spider Form              Tmut/Pois      9%         N/A       24%         3
 Stone Arrow              Conj/Erth      18%        3d8       24%         3
 Anguish                  Hex/Necr       6%         N/A       38%         4
 Flame Wave               Conj/Fire      9%         2d6       63%         4
 Manifold Assault         Tloc           9%         N/A       63%         4
 Summon Cactus Giant      Summ           4%         N/A       100%        6
 Storm Form               Tmut/Air       4%         N/A       100%        7


Dungeon Overview and Level Annotations

Branches:
Dungeon (6/15)              Sewer (visited)
 Temple: D:4-7

Altars:

Shops:
D:3 [

Annotations:
D:4 1 exclusion


Innate Abilities, Weirdness & Mutations

You have very sharp teeth.
Your uncanny sense of smell can sniff out nearby items.
Your experience applies equally to all skills.
[Armour fits poorly on your strangely shaped body.]
[You are very dopey. (Int -4)]
[You frequently scream uncontrollably at your foes.]
[You do not regenerate when monsters are visible.]
[You sometimes lose the ability to read scrolls when taking damage.]


Message History

Okay, then.
Okay, then.
You cannot read scrolls in your current state!
Sorry, you're not good enough to have a special ability.
Unknown command.
Sorry, you're not good enough to have a special ability.
It was a potion of invisibility.
You fade into invisibility!
The wraith hits you but does no damage.
You hit the wraith.
The wraith is moderately damaged.
You can read scrolls again.
The wraith barely misses you. The wraith hits you but does no damage.
You puncture the wraith!
The wraith is heavily damaged.
The wraith hits you!
You feel threatened and lose the ability to read scrolls!
* * * LOW HITPOINT WARNING * * *
The wraith drains your vigour!
You feel as though you will be slow longer.
The wraith hits you.
* * * LOW HITPOINT WARNING * * *
The wraith drains your vigour!
You feel as though you will be slow longer.
You feel very mighty all of a sudden. The wraith completely misses you.
The vampire gestures wildly while chanting.
The vampire flickers and vanishes!
The wraith completely misses you.
The wretched star pulses with an eldritch light!
Your regeneration stops near monsters.
The ynoxinul gestures at the ynoxinul.
The iron shot hits the ynoxinul!!
Casting: Passwall (safe; 12% risk of failure)
Confirm with . or Enter, or press ? or * to list all spells.
You blink.
The smoke demon hits you but does no damage.
The smoke demon closely misses you. The smoke demon hits you.
* * * LOW HITPOINT WARNING * * *
The ynoxinul hits you.
You die...

...#.# .. .
#... §# .
.....# . ###
.#...#.# ..
§.## .#.##3 ..#
##....
###.##.##..
#...#.#.5#5....
# #.#...@3.#33#
. .
#.#..33*#### #
# ####.#5#...#
.###.#VW#..#..#
. ##. #.#§#G
.)..#. # #W..
#######..#x
#..##..# #.## .
. . . ### # #
.# # .#.. ...#
. .


You could see an ophan, a wretched star, a smoke demon, 2 ynoxinuls, a vampire
(invisible), a wraith and 3 ufetubi.

Vanquished Creatures
  2 black bears
  An ice beast (D:6)
  An orc warrior (D:6)
  An ogre (D:6)
  2 phantoms
  Blork the orc (D:4)
  2 scorpions
  4 wights
  A quasit (Abyss:1)
  3 hounds
  2 jellies
  2 orc priests
  Terence (D:3)
  4 iguanas
  5 orc wizards
  A sleepcap (D:6)
  9 adders
  4 gnolls
  A white imp (D:5)
  An ufetubus (D:4)
  3 worms
  15 orcs
  7 endoplasms
  8 giant cockroaches
  7 goblins
  5 hobgoblins
  2 jackals (D:4)
  6 quokkas
  14 ball pythons
  3 bats (D:2)
  4 frilled lizards
  7 kobolds
  5 rats
134 creatures vanquished.

Vanquished Creatures (others)
  A small abomination (Abyss:1)
1 creature vanquished.

Grand Total: 135 creatures vanquished

Notes
Turn   | Place    | Note
-------+----------+-------------------------------------------
     0 | D:1      | anestheticheart the Gnoll Hexslinger began the quest for
                  | the Orb.
     0 | D:1      | Reached XP level 1. HP: 17/17 MP: 4/4
   189 | D:1      | Reached XP level 2. HP: 23/23 MP: 5/5
   657 | D:1      | Reached XP level 3. HP: 28/28 MP: 4/7
   722 | D:1      | Found a faded altar of an unknown god.
   939 | D:2      | Learned a level 3 spell: Portal Projectile
   979 | D:1      | Reached skill level 1 in Invocations
  1413 | D:2      | Learned a level 2 spell: Passwall
  1458 | D:2      | Identified the +0 robe of Responsibility {rCorr Stlth+}
  1660 | D:3      | Noticed Terence
  1730 | D:2      | Reached skill level 1 in Short Blades
  1730 | D:2      | Reached skill level 1 in Long Blades
  1730 | D:2      | Reached skill level 1 in Axes
  1730 | D:2      | Reached skill level 1 in Maces & Flails
  1730 | D:2      | Reached skill level 1 in Polearms
  1730 | D:2      | Reached skill level 1 in Staves
  1730 | D:2      | Reached skill level 1 in Throwing
  1730 | D:2      | Reached skill level 1 in Armour
  1730 | D:2      | Reached skill level 1 in Stealth
  1730 | D:2      | Reached skill level 1 in Shields
  1730 | D:2      | Reached skill level 1 in Unarmed Combat
  1730 | D:2      | Reached skill level 1 in Evocations
  1785 | D:3      | Found Yssy's Antique Armour Shoppe.
  1803 | D:3      | Reached XP level 4. HP: 24/34 MP: 5/8
  1883 | D:3      | Reached skill level 1 in Conjurations
  1883 | D:3      | Reached skill level 1 in Summonings
  1883 | D:3      | Reached skill level 1 in Necromancy
  1883 | D:3      | Reached skill level 1 in Translocations
  1883 | D:3      | Reached skill level 1 in Transmutations
  1883 | D:3      | Reached skill level 1 in Fire Magic
  1883 | D:3      | Reached skill level 1 in Ice Magic
  1883 | D:3      | Reached skill level 1 in Air Magic
  1883 | D:3      | Reached skill level 1 in Earth Magic
  1883 | D:3      | Reached skill level 1 in Poison Magic
  1947 | D:3      | Reached XP level 5. HP: 38/40 MP: 7/9
  2026 | D:3      | Killed Terence
  2123 | D:3      | Identified the +6 rapier of Hubris {vamp, Str+3 Stlth+}
  2458 | D:4      | Found a glowing drain.
  2481 | Sewer    | Entered a sewer
  2545 | Sewer    | Reached XP level 6. HP: 47/47 MP: 9/11
  2818 | D:4      | Noticed Blork the orc
  2895 | D:4      | Killed Blork the orc
  2896 | D:4      | Reached skill level 5 in Ranged Weapons
  2896 | D:4      | Reached skill level 5 in Dodging
  3391 | D:4      | Reached XP level 7. HP: 43/52 MP: 10/12
  3704 | D:5      | Entered Level 5 of the Dungeon
  4260 | D:4      | Reached XP level 8. HP: 31/58 MP: 14/14
  5253 | D:6      | Found the +5 Force Lance {heavy, knockback}
  5278 | D:6      | Learned a level 2 spell: Blink
  5713 | D:6      | Reached XP level 9. HP: 59/66 MP: 16/16
  5720 | Abyss:1  | Cast into level 1 of the Abyss (orc priest)
  5923 | Abyss:1  | Noticed a large abomination
  5923 | Abyss:1  | Noticed a spatial maelstrom
  5938 | Abyss:1  | Noticed an apocalypse crab
  5944 | Abyss:1  | Noticed a rakshasa
  5946 | Abyss:1  | Noticed an ophan
  5946 | Abyss:1  | Noticed a smoke demon
  5997 | Abyss:1  | Reached skill level 5 in Spellcasting
  6030 | Abyss:1  | Noticed a wretched star
  6034 | Abyss:1  | Identified a scroll of acquirement
  6034 | Abyss:1  | Acquired a +1 triple sword of protection
  6041 | Abyss:1  | Noticed a thrashing horror
  6053 | Abyss:1  | HP: 1/67 [wraith (6)]
  6055 | Abyss:1  | Slain by a ynoxinul

Illustrated notes

Levels and vault maps discovered:
D:1:      shiori_arrival_maze, layout_basic, ebering_ecumenical_altar_hall,
          minmay_worlds_worst_comb
D:2:      wander_river, layout_basic, kennysheep_decorative_pillar
D:3:      layout_rooms, serial_shops, nicolae_shop_waterfront,
          amethyst_killhole, minmay_misc_feat_five, serial_bayou_crossing,
          uniq_terence
D:4:      layout_loops_ring, cheibrodos_sewer_entry_drain,
          nicolae_grassy_gnolls, uniq_blork_the_orc
D:5:      layout_rooms
D:6:      layout_basic, uniq_menkaure
Abyss:1:  base: D:3, base: D:3, evilmike_abyss_exit_10

Skill      XL: |  1  2  3  4  5  6  7  8  9 |
---------------+----------------------------+-----
Invocations    | 1 2 3 4 |  4.4
Short Blades   | 1 2 3 4 |  4.0
Long Blades    | 1 2 3 4 |  4.0
Axes           | 1 2 3 4 |  4.0
Maces & Flails | 1 2 3 4 |  4.0
Polearms       | 1 2 3 4 |  4.0
Staves         | 1 2 3 4 |  4.0
Throwing       | 1 2 3 4 |  4.0
Armour         | 1 2 3 4 |  4.0
Stealth        | 1 2 3 4 |  4.0
Shields        | 1 2 3 4 |  4.0
Unarmed Combat | 1 2 3 4 |  4.0
Evocations     | 1 2 3 4 |  4.0
Spellcasting   | 3 4 5 |  5.0
Conjurations   | 1 2 3 |  3.3
Summonings     | 1 2 3 |  3.3
Necromancy     | 1 2 3 |  3.3
Translocations | 1 2 3 |  3.3
Transmutations | 1 2 3 |  3.3
Fire Magic     | 1 2 3 |  3.3
Ice Magic      | 1 2 3 |  3.3
Air Magic      | 1 2 3 |  3.3
Earth Magic    | 1 2 3 |  3.3
Poison Magic   | 1 2 3 |  3.3
Fighting       | 3 4 |  4.8
Ranged Weapons | 5 6 |  6.1
Dodging        | 5 6 |  6.1
Hexes          | 6 |  6.4

Action                     |  1- 3 |  4- 6 |  7- 9 || total
---------------------------+-------+-------+-------++-------
  Melee: Rapier            |       |    35 |    97 ||   132
         Bite              |       |     4 |    15 ||    19
         Lance             |       |       |    37 ||    37
         Punch             |       |       |     2 ||     2
   Fire: Sling             |    95 |   155 |    57 ||   307
   Cast: Slow              |    12 |    28 |    10 ||    50
         Blink             |       |       |     7 ||     7
  Evoke: Wand              |       |       |     1 ||     1
    Use: Scroll            |       |     3 |     6 ||     9
         Potion            |       |       |    11 ||    11
   Stab: Sleeping          |       |     1 |     2 ||     3
         Distracted        |       |       |     1 ||     1
         Invisible         |       |       |     1 ||     1
 Armour: Robe              |     4 |       |       ||     4
         Leather armour    |    21 |    18 |    46 ||    85
  Dodge: Dodged            |    45 |    81 |   164 ||   290
